 Dungeon Crawl Stone Soup version 0.20-a0-514-g839ffe0 (webtiles) character file.

2200509 Chodeload the Slayer (level 27, 131/245 HPs)
             Began as a Mummy Gladiator on Jan 23, 2017.
             Was an Initiate of Gozag.
             Escaped with the Orb
             ... and 4 runes!
             The game lasted 06:12:14 (82176 turns).

Chodeload the Slayer (Mummy Gladiator)             Turns: 82176, Time: 06:12:14

Health: 131/245    AC: 37    Str: 30      XL:     27
Magic:  52/52      EV: 18    Int: 15      God:    Gozag
Gold:   3255       SH: 34    Dex: 19 (20) Spells: 40/58 levels left

rFire    + + .     SeeInvis +   b - +9 eveningstar (freeze)
rCold    + . .     Gourm    .   F - +5 chain mail of Dawn {rF+ Int+4 Dex+7}
rNeg     + + +     Faith    .   J - +8 large shield
rPois    ∞         Spirit   .   r - +2 helmet
rElec    .         Reflect  .   g - +2 cloak "Poezo" {MR+ Regen+ MP+9}
rCorr    .         Harm     .   A - +2 pair of gloves {Str+3}
MR       ++++.                  G - +2 pair of boots
Stlth    ..........             h - amulet of Rurirup {RegenMP rF+ Int+2 Dex-2 SInv}
Regen    0.9/turn               K - +5 ring of protection
                                O - ring of protection from fire

@: gold aura, studying Spellcasting, silenced
A: no food or potions, fire vulnerability, cold resistance 1, negative energy
resistance 3, torment resistance, unbreathing, in touch with death 2
0: Orb of Zot
}: 4/15 runes: barnacled, slimy, silver, gossamer
a: Renounce Religion


You escaped.
You worshipped Gozag.
Gozag was most pleased with you.
You were not hungry.

You visited 12 branches of the dungeon, and saw 58 of its levels.
You visited 1 bazaar.
You also visited: Trove, Ossuary and Volcano.

You collected 33934 gold pieces.
You spent 8507 gold pieces at shops.
You paid 22172 gold pieces to Gozag.

Inventory:

Hand Weapons
 a - a +9 vampiric demon trident
 b - a +9 eveningstar of freezing (weapon)
 c - a +8 demon trident of electrocution
Missiles
 d - 4 throwing nets (quivered)
Armour
 g - the +2 cloak "Poezo" (worn) {MR+ Regen+ MP+9}
   (You bought it in a shop in a bazaar)

   It affects your resistance to hostile enchantments.
   It affects your magic capacity (+9).
   It increases your rate of regeneration.
 r - a +2 helmet (worn)
 A - a +2 pair of gloves of strength (worn)
 F - the +5 chain mail of Dawn (worn) {rF+ Int+4 Dex+7}
   (You bought it in a shop on level 1 of the Lair of Beasts)

   It affects your intelligence (+4).
   It affects your dexterity (+7).
   It protects you from fire.
 G - a +2 pair of boots (worn)
 J - a +8 large shield (worn)
Jewellery
 h - the amulet of Rurirup (around neck) {RegenMP rF+ Int+2 Dex-2 SInv}
   (You bought it in a shop in a bazaar)

   [amulet of magic regeneration]

   It increases your magic regeneration.
   It affects your intelligence (+2).
   It affects your dexterity (-2).
   It protects you from fire.
   It lets you see invisible.
 m - a +6 ring of evasion
 s - an uncursed ring of see invisible
 w - an uncursed ring of flight
 z - an uncursed ring of resist corrosion
 C - the ring "Ecwirhid" {rElec rF- MR+ SInv}
   (You found it on level 5 of the Vaults)

   [ring of see invisible]

   It makes you vulnerable to fire.
   It insulates you from electricity.
   It affects your resistance to hostile enchantments.
   It lets you see invisible.
 K - a +5 ring of protection (right hand)
 O - a ring of protection from fire (left hand)
 Z - the cursed ring "Nitifut" {rC+ MR+ Str-2 Int+4}
   (You found it on level 3 of the Elven Halls)

   [ring of strength]

   It affects your strength (-2).
   It affects your intelligence (+4).
   It protects you from cold.
   It affects your resistance to hostile enchantments.
   It has a curse placed upon it.
Wands
 t - a wand of acid (5/15)
 u - a wand of paralysis (21/24)
 y - a wand of clouds (3/9)
 Q - a wand of iceblast (11/15)
 R - a wand of scattershot (4/9)
 V - a wand of digging (6/24)
Scrolls
 e - a scroll of enchant weapon
 f - 5 scrolls of teleportation
 i - 12 scrolls of immolation
 j - 23 scrolls of remove curse
 k - 11 scrolls of fog
 l - 2 scrolls of enchant armour
 o - 10 scrolls of fear
 p - 4 scrolls of magic mapping
 v - 8 scrolls of recharging
 x - 4 scrolls of vulnerability
 B - 3 scrolls of holy word
 D - 3 scrolls of blinking
 L - 29 scrolls of identify
 M - 2 scrolls of silence
 N - 4 scrolls of torment
 P - a scroll of brand weapon
Books
 n - a manual of Spellcasting
Miscellaneous
 q - 3 boxes of beasts
 E - a phial of floods
 H - 3 phantom mirrors
 I - a sack of spiders
 X - a fan of gales


   Skills:
 + Level 26.2 Fighting
   Level 4.7(14.3) Axes
 - Level 16.2(16.4) Maces & Flails
 - Level 13.8(14.0) Polearms
 - Level 1.5 Throwing
 - Level 13.0 Armour
 - Level 13.0 Dodging
 - Level 22.0 Shields
 - Level 16.4 Spellcasting
 - Level 5.8 Charms
 - Level 7.5 Translocations
 - Level 11.0 Evocations


You had 40 spell levels left.
You knew the following spells:

 Your Spells              Type           Power        Failure   Level  Hunger
a - Apportation           Tloc           ####..       1%          1    N/A
b - Song of Slaying       Chrm           ####....     4%          2    N/A
c - Passwall              Tmut/Erth      ##........   38%         2    N/A
d - Spectral Weapon       Hex/Chrm       ###.....     24%         3    N/A
e - Repel Missiles        Chrm/Air       ###...       12%         2    N/A
f - Blink                 Tloc           N/A          1%          2    N/A
g - Swiftness             Chrm/Air       ###.....     12%         2    N/A
h - Passage of Golubria   Tloc           N/A          12%         4    N/A

Dungeon Overview and Level Annotations

Branches:
Dungeon (15/15)            Temple (1/1) D:4            Lair (6/6) D:9
 Shoals (4/4) Lair:3       Spider (4/4) Lair:4        Slime (5/5) Lair:5
    Orc (2/2) D:11            Elf (3/3) Orc:2        Vaults (5/5) D:13
  Crypt (3/3) Vaults:3       Tomb (0/3) Crypt:3      Depths (5/5) D:15
    Zot (5/5) Depths:5

Altars:
Ashenzari
Cheibriados
Dithmenos
Elyvilon
Fedhas
Gozag
Hepliaklqana
Kikubaaqudgha
Makhleb
Nemelex Xobeh
Okawaru
Qazlal
Ru
Sif Muna
Trog
Uskayaw
Vehumet
Xom
Yredelemnul
Zin
The Shining One
Jiyva

Shops:
D:4 [   D:10 }[   D:13 [   Orc:2 :*([(*   Elf:1 !   Elf:3 %([(=   Lair:1 [[*?
Vaults:3 =   Vaults:4 =   Crypt:1 *   Zot:3 *   Depths:2 %   Depths:4 ==}

Portals:
Hell: Depths:1 Depths:2 Depths:3 Depths:4 Depths:5
Abyss: Depths:4
Pandemonium: Depths:1 Depths:2
Ziggurat: Depths:1

Annotations:
D:6 exclusion: downstairs
Lair:4 exclusion: 3 oklob plants
Lair:5 exclusion: downstairs


Innate Abilities, Weirdness & Mutations

You do not eat or drink.
Your flesh is vulnerable to fire.
You are immune to poison.
Your flesh is cold resistant. (rC+)
You are immune to negative energy. (rN+++)
You are immune to unholy pain and torment.
You can survive without breathing.
You are strongly in touch with the powers of death.


Message History

You block the orange demon's attack. The Executioner closely misses you. x2
The Executioner hits you but does no damage.
Jaibre gestures.
Jaibre's surroundings become eerily quiet.
The hell beast closely misses you.
The hell beast tramples you but does no damage.
There is a fountain of clear blue water here.
The Executioner hits you! You block the Executioner's attack.
The Executioner barely misses you. Dalel hits you!!
You block the Executioner's attack. x3; Dalel hits you!!
The hell beast bites you but does no damage.
You block the hell beast's attack.
The Executioner is distracted by the nearby gold.
There is an open door here.
Dalel bursts into living lightning!
The living lightning hits you!
Dalel blinks!
You block Dalel's attack.
There is a staircase leading out of the dungeon here.
Char dumped successfully.
You block Dalel's attack.
You have escaped!

#....$......#.###.
#.###..%###.#.....
#.#.......#.#..###
#.#.1.#.⌠.#.#..#
#.4...#.....#..#
#...2###....#..#
####4.#..####..#
#..§.....'..#..#
#@&###'###..#..###
#.&#.....#..#.....
#############.####
#.#### #.....
#..... #.....
##...† #....


You could see Dalel, Jaibre and an orange demon.

Vanquished Creatures
  the Royal Jelly (Slime:5)
  Dissolution (Slime:2)
  6 orbs of fire (Zot:5)
  Mara (Crypt:2)
  5 ancient liches
  A juggernaut (Depths:5)
  Sojobo (Vaults:5)
  Xtahua (Vaults:5)
  Margery (Crypt:1)
  Saint Roka (Elf:2)
  4 curse toes
  3 caustic shrikes (Depths:4)
  8 golden dragons
  Nikola (Elf:3)
  3 bone dragons
  Arachne (Spider:3)
  5 electric golems
  13 tentacled monstrosities
  The ghost of artefact the Slayer, an adept HOGl of Beogh (Depths:2)
  13 Orb Guardians
  Asterion (Depths:1)
  4 titans (Vaults:5)
  4 liches
  The ghost of LostInTranslocation the Black Belt, an adept OpTm of Ashenzari (Vaults:1)
  Frances (Shoals:1)
  25 acid blobs
  3 sphinxes
  2 quicksilver dragons (Zot:3)
  2 deep elf blademasters (Elf:3)
  7 ancient champions
  A kraken (Shoals:1)
  11 death cobs
  Kirke (Shoals:1)
  7 shadow dragons
  The ghost of diesel the Eclecticist, an adept DECj of Vehumet (Spider:3)
  Roxanne (Spider:1)
  6 tengu reavers
  A revenant (Crypt:1)
  Ilsuiw (Shoals:4)
  16 storm dragons
  2 draconian monks
  10 frost giants
  13 fire giants
  16 azure jellies
  3 iron dragons
  The ghost of Mixedsea the Tortoise, a journeyman MiFi of Okawaru (Spider:1)
  5 draconian knights
  A draconian scorcher (Zot:5)
  A balrug (Zot:5)
  A curse skull (Crypt:3)
  7 deep elf sorcerers
  20 vault wardens
  An orc warlord (Orc:2)
  9 ghouls
  6 ghost moths
  3 emperor scorpions (Spider:4)
  Aizul (Spider:3)
  5 draconian stormcallers
  9 deep elf elementalists (Elf:3)
  6 draconian shifters
  4 draconian annihilators
  18 ironheart preservers
  A juggernaut zombie (Crypt:3)
  23 stone giants
  2 caustic shrike skeletons (Crypt:3)
  19 very ugly things
  A reaper (Crypt:2)
  6 war gargoyles
  7 black draconians
  10 entropy weavers
  10 yellow draconians
  6 vampire knights
  10 deep elf annihilators
  12 purple draconians
  6 green draconians
  7 deep elf demonologists
  14 red draconians
  2 dire elephants (Lair:6)
  2 white draconians (Zot:4)
  5 spark wasps
  18 ettins
  14 deep elf death magi
  4 merfolk javelineers
  5 eidola
  11 merfolk impalers
  10 jiangshi
  2 death oozes
  Josephine (Orc:2)
  10 great orbs of eyes
  The ghost of HallandMoats the Fighter, a journeyman MiFi of Okawaru (D:10)
  5 rakshasas
  10 fire dragons
  2 quicksilver dragon skeletons
  7 hydras
  Harold (Lair:3)
  11 deep elf high priests
  15 ice dragons
  36 vault guards
  20 yaktaur captains
  2 alligator snapping turtles
  6 merfolk avatars
  An anaconda (shapeshifter) (Vaults:5)
  14 ogre magi
  4 merfolk aquamancers
  8 death knights
  10 centaur warriors
  A satyr (Shoals:4)
  45 two-headed ogres
  9 deep troll shamans
  4 death yaks
  8 tengu warriors
  Urug (Lair:3)
  6 vampire magi
  2 deep troll earth magi
  A spriggan berserker (Depths:4)
  2 soul eaters
  Sonja (Lair:3)
  The ghost of chas the Protected, a novice MiBe of Trog (D:7)
  4 iron trolls
  38 skeletal warriors
  20 deep elf knights
  2 anaconda zombies
  A storm dragon skeleton (Depths:4)
  6 titan skeletons (Crypt:3)
  An entropy weaver zombie (Crypt:2)
  7 shadow wraiths
  11 hell knights
  15 sea snakes
  5 flayed ghosts
  3 glowing orange brains
  17 deep trolls
  3 unseen horrors
  6 wizards
  A glowing orange brain (shapeshifter) (Zot:2)
  A golden dragon zombie (Crypt:1)
  10 orc knights
  A lindwurm (shapeshifter) (Vaults:1)
  A swamp dragon (shapeshifter) (D:15)
  20 harpies
  14 deep elf archers
  The ghost of tornocean the Spear-Bearer, a novice MiBe of Trog (Ossuary)
  23 ironbrand convokers
  14 necromancers
  A shadow dragon zombie (Depths:4)
  A fire giant zombie (Depths:4)
  An iron dragon zombie (Depths:4)
  49 deep elf magi
  An orb spider (shapeshifter) (D:13)
  2 harpies (shapeshifter)
  An anaconda skeleton (Crypt:3)
  2 wolf spider zombies (Crypt:2)
  12 phantasmal warriors
  A shadow dragon skeleton (Depths:4)
  A tengu skeleton (Vaults:4)
  6 shining eyes
  An orc sorcerer (Vaults:4)
  39 wolf spiders
  25 orb spiders
  3 human zombies (Vaults:4)
  19 manticores
  4 fauns (Shoals:1)
  29 moths of wrath
  A manticore (shapeshifter) (Depths:5)
  2 salamanders (Depths:4)
  52 ugly things
  A stone giant zombie (Crypt:1)
  24 cyclopes
  14 elephants
  An iron dragon skeleton (Depths:4)
  2 black mambas
  2 spriggan zombies (Depths:4)
  7 centaur zombies
  Maurice (D:11)
  The ghost of HallandMoats the Skirmisher, a novice MiFi (D:5)
  12 vault sentinels
  10 merfolk sirens
  A guardian serpent (shapeshifter) (Vaults:1)
  2 molten gargoyles (Volcano)
  3 frost giant skeletons (Crypt:3)
  A rust devil (Zot:5)
  A torpor snail (Lair:6)
  3 water nymphs
  15 centaur skeletons
  A smoke demon (Zot:5)
  A gargoyle (D:13)
  5 eyes of devastation
  13 spiny frogs
  2 hellions
  A yellow draconian zombie (Crypt:3)
  A dire elephant skeleton (Crypt:3)
  3 rime drakes (Lair:6)
  11 komodo dragons
  60 yaktaurs
  12 freezing wraiths
  A swamp worm zombie (Crypt:2)
  A spark wasp simulacrum (Depths:4)
  A yellow draconian skeleton (Crypt:2)
  5 tengu conjurers
  2 kobold demonologists (D:11)
  6 demonic crawlers
  2 ice devils (Depths:1)
  6 trolls
  2 red devils
  A catoblepas skeleton (Crypt:3)
  5 polar bears
  A polar bear (shapeshifter) (Vaults:5)
  10 wind drakes
  54 jumping spiders
  A hornet (shapeshifter) (Depths:2)
  29 merfolk
  A blink frog (shapeshifter) (Depths:1)
  6 dream sheep (Lair:3)
  2 harpy skeletons (Crypt:2)
  A hydra skeleton (Crypt:1)
  15 hornets
  10 blink frogs
  2 hippogriffs (shapeshifter)
  An ettin zombie (Crypt:1)
  3 bog bodies
  4 large abominations
  136 slime creatures
  2 fire dragon zombies (Crypt:1)
  A fire giant simulacrum (Crypt:1)
  2 meliai zombies
  11 snapping turtles
  2 human simulacra (Vaults:4)
  An air elemental (Elf:2)
  10 hippogriffs
  A stone giant simulacrum (Vaults:1)
  2 alligator skeletons (Crypt:3)
  103 redbacks
  3 ettin skeletons (Crypt:3)
  6 shadows
  5 flying skulls (Crypt:3)
  2 black mamba skeletons (Crypt:3)
  3 vampires
  6 fire bats (Volcano)
  An ice dragon skeleton (Crypt:1)
  3 spriggans
  35 tarantellas
  24 water elementals
  18 wraiths
  5 wyverns
  Eustachio (D:4)
  4 basilisks
  2 fire elementals
  A human (shapeshifter) (D:13)
  2 hogs (Shoals:1)
  49 yaks
  6 vampire mosquitoes
  24 golden eyes
  A golden eye (shapeshifter) (Vaults:3)
  An elf skeleton (Depths:4)
  3 hungry ghosts
  A steam dragon (D:10)
  A basilisk (shapeshifter) (Depths:3)
  A chaos spawn (Depths:1)
  9 wargs
  Menkaure (Ossuary)
  2 soldier ants (shapeshifter)
  An acid dragon (Vaults:1)
  2 water moccasins (shapeshifter)
  2 floating eyes
  2 hell hounds (D:9)
  8 porcupines
  18 water moccasins
  A human skeleton (Depths:4)
  29 orc warriors
  6 ice beasts
  A swamp drake (shapeshifter) (Vaults:2)
  2 sky beasts
  A black bear (shapeshifter) (Depths:5)
  An eye of draining (shapeshifter) (D:13)
  3 black bears
  7 necrophages
  7 boggarts
  11 eyes of draining
  An ice dragon simulacrum (Crypt:1)
  A snapping turtle zombie (Crypt:1)
  5 phantoms
  31 ogres
  13 centaurs
  A centaur (shapeshifter) (Vaults:5)
  14 wolves
  A snapping turtle skeleton (Crypt:2)
  A swamp dragon skeleton (Crypt:2)
  A big kobold (shapeshifter) (Vaults:5)
  9 crocodiles
  An elf zombie (Elf:1)
  5 big kobolds
  23 bullfrogs
  2 wyvern zombies
  A gnoll sergeant (D:11)
  An earth elemental (Elf:3)
  An ogre simulacrum (Vaults:1)
  5 scorpions
  A water moccasin zombie (Crypt:2)
  A swamp dragon simulacrum (Crypt:1)
  11 killer bees
  A troll skeleton (Crypt:1)
  39 wights
  A spriggan skeleton (Crypt:3)
  3 electric eels
  A bullfrog zombie (D:9)
  14 crimson imps
  7 lava snakes (Volcano)
  4 quasits
  A gnoll shaman (D:7)
  6 hounds
  13 jellies
  18 orc priests
  19 orc wizards
  5 bullfrog skeletons
  Jessica (D:2)
  A demonspawn skeleton (Crypt:1)
  A black bear skeleton (Crypt:2)
  2 iguanas
  7 worker ants
  4 hound skeletons
  3 mummies
  Robin (D:3)
  A worker ant zombie (D:11)
  6 adders
  12 gnolls
  A howler monkey skeleton (D:6)
  A swamp drake skeleton (Crypt:3)
  2 shadow imps (D:11)
  A halfling zombie (Crypt:2)
  An adder zombie (D:10)
  A worm (D:4)
  2 dart slugs
  5 leopard geckos
  69 orcs
  2 bats
  3 giant cockroaches
  15 goblins
  7 hobgoblins
  5 jackals
  6 quokkas
  A ball python (D:3)
  A ball python skeleton (D:5)
  A bat (shapeshifter) (Vaults:1)
  5 frilled lizards
  2 gnoll skeletons (Ossuary)
  4 gnoll zombies (Ossuary)
  2 goblin zombies (Ossuary)
  A hobgoblin skeleton (Crypt:3)
  A hobgoblin zombie (Ossuary)
  A jackal skeleton (Crypt:1)
  18 kobolds
  2 kobold skeletons (Ossuary)
  2 kobold zombies (Ossuary)
  An orc skeleton (Ossuary)
  3 quokka skeletons
  6 rats
  6 rat skeletons
  3 plants (Shoals:4)
  3 tentacles (Shoals:1)
2700 creatures vanquished.

Vanquished Creatures (collateral kills)
  An ancient lich (Zot:5)
  Jory (Crypt:2)
  An electric golem (Zot:5)
  A tentacled monstrosity (Zot:5)
  12 Orb Guardians (Zot:5)
  Rupert (Spider:1)
  A death cob (Zot:5)
  A red draconian (Zot:5)
  A moth of wrath (Zot:5)
  A centaur zombie (Crypt:2)
  A centaur skeleton (Crypt:2)
22 creatures vanquished.

Vanquished Creatures (others)
  An orb of fire (Zot:5)
  An ancient lich (Zot:5)
  2 Killer Klowns (Zot:5)
  2 quicksilver dragons (Zot:5)
  A deep elf master archer (Elf:3)
  A draconian knight (Zot:4)
  A purple draconian (Zot:3)
  2 merfolk javelineers (Shoals:4)
  A yaktaur captain (Depths:2)
  A centaur warrior (Depths:4)
  22 dancing weapons
  2 unseen horrors (Vaults:1)
  A deep elf mage (Elf:3)
  A merfolk siren (Shoals:1)
  A red devil (Zot:5)
  7 yaktaurs
  A troll (Vaults:5)
  2 humans (Shoals:1)
  A slime creature (Slime:5)
  A tarantella (Spider:4)
  A redback (Vaults:4)
  A chaos spawn (D:1)
  4 ogres
  An iguana (D:9)
  A mummy (Ossuary)
  An orc (Orc:2)
  2 goblin skeletons (Ossuary)
  A goblin zombie (Ossuary)
  A hobgoblin skeleton (Ossuary)
  5 hobgoblin zombies (Ossuary)
  A kobold (D:10)
  3 kobold skeletons (Ossuary)
  3 kobold zombies (Ossuary)
  6 orc skeletons (Ossuary)
  4 orc zombies (Ossuary)
  3 rat skeletons (Ossuary)
  3 rat zombies (Ossuary)
  4 bushes (Lair:6)
  12 fungi
  24 plants
  11 tentacles (Shoals:1)
144 creatures vanquished.

Grand Total: 2866 creatures vanquished

Notes
Turn   | Place    | Note
-------+----------+-------------------------------------------
     0 | D:1      | Chodeload the Mummy Gladiator began the quest for the Orb.
     0 | D:1      | Reached XP level 1. HP: 16/16 MP: 1/1
   235 | D:1      | Reached XP level 2. HP: 22/22 MP: 2/2
   969 | D:2      | Reached XP level 3. HP: 23/28 MP: 3/3
  1164 | D:2      | Noticed Jessica
  1179 | D:2      | Killed Jessica
  1179 | D:2      | Reached skill level 3 in Fighting
  1179 | D:2      | Reached XP level 4. HP: 29/35 MP: 4/4
  1184 | D:2      | Identified Jessica's Tome of Translocation
  1932 | D:4      | Noticed Robin
  1975 | D:3      | Killed Robin
  2070 | D:4      | Noticed Eustachio
  2089 | D:4      | Killed Eustachio
  2089 | D:4      | Reached skill level 4 in Fighting
  2089 | D:4      | Reached XP level 5. HP: 40/43 MP: 5/5
  2100 | D:4      | Noticed an ogre
  2104 | D:4      | Killed an ogre
  2104 | D:4      | Reached XP level 6. HP: 48/49 MP: 6/6
  2173 | D:4      | Found a staircase to the Ecumenical Temple.
  2198 | Temple   | Entered the Ecumenical Temple
  2500 | D:4      | Found an opulent altar of Gozag.
  2510 | D:4      | Became a worshipper of Gozag Ym Sagoz the Greedy
  2517 | D:4      | Found a shadowy altar of Dithmenos.
  2695 | D:4      | Got a bloodstained ring mail
  2708 | D:4      | Identified the +1 ring mail "Xobetz" {rElec rF+ rC+ MR+} (You found it on level 4 of the Dungeon)
  2781 | D:4      | Learned a level 1 spell: Apportation
  2790 | D:4      | Reached skill level 5 in Fighting
  2842 | D:4      | Found Kos Ted's Antique Armour Boutique.
  2966 | D:5      | Entered Level 5 of the Dungeon
  3014 | D:5      | Got a crude dagger
  3015 | D:5      | Identified the +11 dagger of the Slime-mould {freeze, -Tele +Inv rF+ Str+3} (You found it on level 5 of the Dungeon)
  3035 | D:5      | Reached skill level 1 in Armour
  3122 | D:5      | Reached XP level 7. HP: 56/56 MP: 7/7
  3550 | D:5      | Noticed HallandMoats's ghost (novice MiFi)
  3676 | D:5      | Killed HallandMoats's ghost
  3676 | D:5      | Reached skill level 6 in Fighting
  3676 | D:5      | Reached XP level 8. HP: 27/64 MP: 8/8
  4240 | D:4      | Bought an embroidered cloak for 220 gold pieces
  4245 | D:4      | Bought a pair of gloves for 94 gold pieces
  4384 | D:6      | Found a sand-covered staircase.
  4409 | Ossuary  | Entered an ossuary
  4528 | Ossuary  | Noticed tornocean's ghost (novice MiBe)
  4549 | Ossuary  | Killed tornocean's ghost
  4549 | Ossuary  | Reached skill level 7 in Fighting
  4824 | Ossuary  | Noticed Menkaure
  4843 | Ossuary  | Killed Menkaure
  4985 | D:5      | Reached skill level 5 in Dodging
  5030 | D:4      | Bought a runed helmet for 220 gold pieces
  5196 | D:6      | Got an ichor-stained trident
  5200 | D:6      | Identified the +7 trident of the Apocalypse {flame, +Inv rF+ Str-3} (You found it on level 6 of the Dungeon)
  5303 | D:6      | Reached XP level 9. HP: 71/72 MP: 9/9
  5386 | D:7      | Reached skill level 1 in Polearms
  5684 | D:7      | Noticed chas's ghost (novice MiBe)
  5813 | D:7      | Reached skill level 8 in Fighting
  7021 | D:7      | Found a radiant altar of Vehumet.
  7220 | D:7      | Killed chas's ghost
  7220 | D:7      | Reached skill level 9 in Fighting
  7682 | D:7      | Reached XP level 10. HP: 36/83 MP: 10/10
  7691 | D:7      | HP: 4/83 [killer bee (7)]
  8110 | D:8      | Reached skill level 5 in Polearms
  8148 | D:8      | Found a glowing golden altar of the Shining One.
  8306 | D:8      | Noticed a two-headed ogre
  8318 | D:8      | Killed a two-headed ogre
  8318 | D:8      | Reached skill level 10 in Fighting
  8589 | D:9      | Found a glowing silver altar of Zin.
  8772 | D:4      | Bought a runed plate armour for 609 gold pieces
  8959 | D:9      | Found a radiant altar of Vehumet.
  9033 | D:9      | Reached skill level 11 in Fighting
  9115 | D:9      | Found a staircase to the Lair.
  9718 | D:10     | Entered Level 10 of the Dungeon
  9718 | D:10     | Noticed HallandMoats's ghost (journeyman MiFi)
 10214 | D:10     | Found Mimu's Quality Used Wands.
 10221 | D:10     | Bought a wand of clouds (0/9) for 156 gold pieces
 10241 | D:10     | Reached XP level 11. HP: 93/93 MP: 11/11
 10381 | D:10     | Killed HallandMoats's ghost
 10389 | D:10     | Noticed a two-headed ogre
 10398 | D:10     | Killed a two-headed ogre
 10798 | D:10     | Found Tiavvutu's Antique Armour Shoppe.
 10812 | D:10     | Bought a pair of embroidered boots for 399 gold pieces
 11154 | D:11     | Found a staircase to the Orcish Mines.
 11163 | D:11     | Reached skill level 1 in Shields
 11699 | D:11     | Noticed a purple ugly thing
 11708 | D:11     | Killed a purple ugly thing
 11893 | D:11     | Noticed a two-headed ogre
 11902 | D:11     | Killed a two-headed ogre
 12503 | D:12     | Noticed an eight-headed hydra
 12711 | D:12     | Killed an eight-headed hydra
 12711 | D:12     | Reached skill level 12 in Fighting
 12711 | D:12     | Reached skill level 5 in Armour
 12711 | D:12     | Reached XP level 12. HP: 9/102 MP: 12/12
 12711 | D:12     | HP: 5/102 [meliai zombie (5)]
 13203 | D:12     | Found a bloodstained altar of Trog.
 13500 | D:12     | Reached skill level 10 in Polearms
 13600 | D:10     | Bought a smoking plate armour for 1064 gold pieces
 13610 | D:10     | Identified the +3 plate armour of the Iron City of Dis {+Blink Int+8 Dex-4} (You bought it in a shop on level 10 of the Dungeon)
 13651 | D:11     | Noticed a two-headed ogre
 13667 | D:11     | Killed a two-headed ogre
 13885 | Lair:1   | Entered Level 1 of the Lair of Beasts
 14866 | Lair:2   | Noticed a six-headed hydra
 14875 | Lair:2   | Killed a six-headed hydra
 15427 | Lair:3   | Noticed a four-headed hydra
 15442 | Lair:3   | Killed a four-headed hydra
 15552 | Lair:3   | Noticed Harold
 15574 | Lair:3   | Killed Harold
 15760 | Lair:3   | Noticed Sonja
 15775 | Lair:3   | Killed Sonja
 15836 | Lair:3   | Gained mutation: You are in touch with the powers of death. [Mummy growth]
 15836 | Lair:3   | Reached XP level 13. HP: 97/108 MP: 13/13
 15979 | Lair:3   | Found a staircase to the Shoals.
 16018 | Lair:3   | Noticed Urug
 16034 | Lair:3   | Killed Urug
 16296 | Lair:3   | Reached skill level 1 in Maces & Flails
 16628 | Lair:4   | Found a dark tunnel.
 16643 | Volcano  | Entered a volcano
 17149 | Volcano  | Found a radiant altar of Vehumet.
 17565 | Volcano  | Reached skill level 5 in Maces & Flails
 18188 | Lair:4   | Found a hole to the Spider Nest.
 18228 | Lair:4   | Got a steaming long sword
 18231 | Lair:4   | Identified the +10 long sword of Etouqu {slice, MR- Int+4 SInv Stlth+} (You found it on level 4 of the Lair of Beasts)
 19153 | Lair:5   | Reached XP level 14. HP: 53/116 MP: 14/14
 19832 | Lair:5   | Found a staircase to the Slime Pits.
 20063 | Lair:6   | Entered Level 6 of the Lair of Beasts
 20639 | Lair:6   | Reached skill level 10 in Maces & Flails
 21692 | Lair:6   | Identified Lilel's Compendium of Harmful Companions
 21979 | Orc:1    | Entered Level 1 of the Orcish Mines
 21979 | Orc:1    | Noticed Maurice
 22024 | D:11     | Killed Maurice
 22203 | Orc:2    | Entered Level 2 of the Orcish Mines
 22203 | Orc:2    | Found Baonerphe's General Store.
 22205 | Orc:2    | Noticed a stone giant
 23602 | Orc:2    | Killed a stone giant
 23602 | Orc:2    | Reached XP level 15. HP: 106/122 MP: 15/15
 24305 | Orc:2    | Found Wuedacyry's Antique Armour Shoppe.
 24332 | Orc:2    | Found a staircase to the Elven Halls.
 24355 | Orc:2    | Noticed Josephine
 24584 | Orc:2    | Killed Josephine
 24655 | Orc:2    | Found Hodege's Antique Weapon Emporium.
 24778 | Orc:2    | Noticed an orc warlord
 25421 | Orc:2    | Killed an orc warlord
 25617 | Orc:2    | Found Qoryng's Book Boutique.
 25915 | Lair:1   | Bought a scroll of acquirement for 624 gold pieces
 25915 | Lair:1   | Bought a scroll of teleportation for 36 gold pieces
 25915 | Lair:1   | Bought a scroll of teleportation for 36 gold pieces
 25915 | Lair:1   | Bought a scroll of fog for 24 gold pieces
 25948 | Lair:1   | Bought a runed plate armour for 841 gold pieces
 26134 | D:13     | Found a blossoming altar of Fedhas.
 26228 | D:13     | Found Omaegal's Armour Emporium.
 27083 | D:13     | Found a gate to the Vaults.
 27693 | D:15     | Entered Level 15 of the Dungeon
 28069 | D:15     | Reached skill level 13 in Fighting
 28651 | D:15     | Found a staircase to the Depths.
 28767 | D:15     | Reached XP level 16. HP: 131/131 MP: 16/16
 29180 | Shoals:1 | Entered Level 1 of the Shoals
 29263 | Shoals:1 | Noticed Frances
 29277 | Shoals:1 | Killed Frances
 29400 | Shoals:1 | Noticed Kirke
 29419 | Shoals:1 | Killed Kirke
 31462 | Shoals:2 | Reached skill level 15 in Maces & Flails
 31677 | Shoals:1 | Noticed a kraken
 32080 | Shoals:1 | Killed a kraken
 32163 | Lair:1   | Bought a scroll of enchant weapon for 90 gold pieces
 32167 | Lair:1   | Bought a dazzling plate armour for 672 gold pieces
 32177 | Lair:1   | Identified the cursed +1 plate armour of the Rabble {rElec Int+2} (You bought it in a shop on level 1 of the Lair of Beasts)
 33941 | Spider:1 | Entered Level 1 of the Spider Nest
 33969 | Spider:1 | Noticed Mixedsea's ghost (journeyman MiFi)
 34247 | Spider:1 | Reached XP level 17. HP: 129/137 MP: 17/17
 34272 | Spider:1 | Noticed Roxanne
 34371 | Spider:1 | Killed Roxanne
 34372 | Spider:1 | Identified Roxanne's Guide on Stones (You took it off Roxanne on level 1 of the Spider Nest)
 34857 | Spider:1 | Killed Mixedsea's ghost
 35786 | Lair:1   | Bought a blackened plate armour for 672 gold pieces
 35796 | Lair:1   | Identified the +4 plate armour of Disappointment {Str+7} (You bought it in a shop on level 1 of the Lair of Beasts)
 35993 | Spider:1 | Noticed Rupert
 36000 | Spider:1 | Killed Rupert
 36684 | Lair:1   | Bought a pitted chain mail for 228 gold pieces
 36694 | Lair:1   | Identified the +5 chain mail of Dawn {rF+ Int+4 Dex+7} (You bought it in a shop on level 1 of the Lair of Beasts)
 37243 | Spider:2 | Reached skill level 14 in Fighting
 38122 | Spider:3 | Noticed diesel's ghost (adept DECj)
 38247 | Spider:3 | Killed diesel's ghost
 38352 | Spider:3 | Noticed Aizul
 38717 | Spider:3 | Noticed Arachne
 38739 | Spider:3 | Killed Arachne
 39021 | Spider:3 | Killed Aizul
 39355 | Spider:4 | Entered Level 4 of the Spider Nest
 39442 | Spider:3 | Reached skill level 1 in Evocations
 39646 | Spider:3 | Reached skill level 15 in Fighting
 39788 | Spider:4 | Reached XP level 18. HP: 149/149 MP: 19/19
 41972 | Spider:4 | Got a gossamer rune of Zot
 42355 | Vaults:1 | Entered Level 1 of the Vaults
 43133 | Vaults:1 | Noticed LostInTranslocation's ghost (adept OpTm)
 43169 | Vaults:1 | Killed LostInTranslocation's ghost
 43176 | Vaults:1 | Reached skill level 5 in Evocations
 43292 | Vaults:1 | Reached skill level 16 in Fighting
 43544 | Vaults:1 | Reached XP level 19. HP: 142/157 MP: 22/22
 43804 | Vaults:1 | Reached skill level 10 in Dodging
 44680 | Vaults:1 | Reached skill level 5 in Shields
 46458 | Vaults:3 | Reached skill level 10 in Shields
 46618 | Vaults:3 | Reached XP level 20. HP: 165/165 MP: 23/23
 47349 | Vaults:3 | Found a staircase to the Crypt.
 47619 | Vaults:4 | Found Huhab's Jewellery Boutique.
 47625 | Vaults:4 | Bought a +4 amulet of reflection for 405 gold pieces
 49800 | Elf:1    | Entered Level 1 of the Elven Halls
 49813 | Orc:2    | Bought a throwing net for 45 gold pieces
 49815 | Orc:2    | Bought 3 scrolls of fear for 157 gold pieces
 49822 | Elf:1    | Paralysed by a chaos spawn for 6 turns
 50181 | Shoals:4 | Entered Level 4 of the Shoals
 50334 | Shoals:4 | Noticed Ilsuiw
 50374 | Shoals:4 | Killed Ilsuiw
 50677 | Shoals:4 | Reached XP level 21. HP: 155/171 MP: 24/24
 50698 | Shoals:4 | Got a barnacled rune of Zot
 50863 | Shoals:4 | Got a faintly glowing robe
 51592 | Shoals:4 | Reached skill level 15 in Shields
 52531 | Elf:1    | Reached skill level 10 in Armour
 52699 | Elf:1    | Identified Kikubaaqudgha's Catalogue of Dark Rituals
 52782 | Elf:1    | Found Cesygub's Distillery.
 53156 | Elf:2    | Noticed Saint Roka
 53200 | Elf:2    | Killed Saint Roka
 53616 | Elf:2    | Found a huge runed gate.
 53616 | Elf:2    | Found a huge runed gate.
 53616 | Elf:2    | Found a huge runed gate.
 53616 | Elf:2    | Found a huge runed gate.
 53617 | Elf:2    | Found a huge runed gate.
 54415 | Elf:3    | Entered Level 3 of the Elven Halls
 54448 | Elf:3    | Found Motokhle's Jewellery Boutique.
 54502 | Elf:3    | Found Uvuwecuh's Weapon Boutique.
 54695 | Elf:3    | Found Hiabofy's Weapon Shoppe.
 54704 | Elf:3    | Found Haefusia's Food Shoppe.
 54704 | Elf:3    | Found Bashrept's Armour Emporium.
 54740 | Elf:3    | Noticed Nikola
 54760 | Elf:3    | Killed Nikola
 54767 | Elf:3    | Reached skill level 17 in Fighting
 56011 | Elf:3    | Reached XP level 22. HP: 140/182 MP: 25/25
 56535 | Elf:3    | Got a glittering iron ring
 56536 | Elf:3    | Identified the Compendium of the Boosting Rocks
 56563 | Elf:3    | Identified the cursed ring "Nitifut" {rC+ MR+ Str-2 Int+4} (You found it on level 3 of the Elven Halls)
 56583 | Elf:3    | Learned a level 2 spell: Song of Slaying
 56586 | Elf:3    | Learned a level 2 spell: Passwall
 56590 | Elf:3    | Learned a level 3 spell: Spectral Weapon
 56600 | Elf:3    | Learned a level 2 spell: Repel Missiles
 56678 | Elf:3    | Identified the +10 plate armour of the Alphagorgon {+Blink rN+++ Int+4 Slay-6} (You found it on level 3 of the Elven Halls)
 56707 | Elf:3    | Identified the Grimoire of Unholy Arts and Earth
 56916 | D:11     | Reached skill level 1 in Spellcasting
 57090 | Crypt:1  | Entered Level 1 of the Crypt
 57210 | Crypt:1  | Reached skill level 1 in Charms
 58175 | Crypt:2  | Noticed Mara
 58214 | Crypt:2  | Noticed Chodeload's illusion
 58227 | Crypt:2  | Reached skill level 5 in Spellcasting
 58284 | Crypt:1  | Bought a scroll of enchant armour for 292 gold pieces
 59013 | Crypt:2  | Noticed Chodeload's illusion
 59033 | Crypt:1  | Reached skill level 5 in Charms
 59160 | Crypt:2  | Noticed Chodeload's illusion
 59224 | Crypt:2  | Noticed Margery
 59278 | Crypt:1  | Killed Margery
 59340 | Crypt:2  | Killed Mara
 59535 | Crypt:2  | Noticed Jory
 59553 | Crypt:2  | Killed Jory
 59857 | Crypt:3  | Entered Level 3 of the Crypt
 59857 | Crypt:3  | Found a staircase to the Tomb.
 60175 | Crypt:3  | Reached XP level 23. HP: 106/190 MP: 35/35
 60772 | Crypt:3  | Reached skill level 18 in Fighting
 61477 | Crypt:3  | Noticed a curse toe
 61594 | Crypt:3  | Killed a curse toe
 61923 | Crypt:3  | Noticed an ancient lich
 61962 | Crypt:3  | Killed an ancient lich
 62197 | Crypt:3  | Identified Sif Muna's Collected Works on the Arsonist and Toxins
 62646 | Depths:1 | Entered Level 1 of the Depths
 62759 | Depths:1 | Found a gateway to a ziggurat.
 63043 | Depths:1 | Found a one-way gate leading to the halls of Pandemonium.
 63218 | Depths:1 | Noticed Asterion
 63231 | Depths:1 | Killed Asterion
 63234 | Depths:1 | Found a gateway to Hell.
 63512 | Depths:1 | Found a portal to a secret trove of treasure.
 63554 | Depths:1 | You paid a toll of 17 scrolls of teleportation to enter a treasure trove
 63555 | Trove    | Entered a treasure trove
 63613 | Trove    | Identified Sif Muna's Incunabulum of Doomed Boosts
 63650 | Depths:1 | Learned a level 2 spell: Blink
 63653 | Depths:1 | Learned a level 2 spell: Swiftness
 63658 | Depths:1 | Learned a level 4 spell: Passage of Golubria
 64197 | Depths:2 | Reached skill level 1 in Translocations
 64415 | Depths:2 | Found a snail-covered altar of Cheibriados.
 64422 | Depths:2 | Noticed artefact's ghost (adept HOGl)
 64456 | Depths:2 | Killed artefact's ghost
 64565 | Depths:2 | Found Xam Nassuo's Food Shoppe.
 64569 | Depths:2 | Reached skill level 10 in Spellcasting
 64736 | Depths:2 | Reached XP level 24. HP: 105/200 MP: 37/37
 64955 | Depths:3 | Reached skill level 19 in Fighting
 65958 | Depths:4 | Noticed an ancient lich
 65983 | Depths:4 | Killed an ancient lich
 65994 | Depths:4 | Reached skill level 5 in Translocations
 66135 | Depths:4 | Identified the Collected Works on Dark Rites
 66548 | Depths:4 | Found Josuofoz's Gadget Emporium.
 66548 | Depths:4 | Found Pupeuxte's Jewellery Shop.
 66549 | Depths:4 | Found Wask's Jewellery Shop.
 66800 | Depths:4 | Found a one-way gate to the infinite horrors of the Abyss.
 66825 | Depths:4 | Found a shimmering altar of Xom.
 67016 | Depths:5 | Entered Level 5 of the Depths
 67020 | Depths:5 | Noticed a juggernaut
 67040 | Depths:5 | Killed a juggernaut
 67131 | Depths:5 | Found a flickering gateway to a bazaar.
 67228 | Bazaar   | Entered a bazaar
 67228 | Bazaar   | Found Eshres's Jewellery Emporium.
 67241 | Bazaar   | Found Veaces's Antique Armour Emporium.
 67271 | Bazaar   | Found Efoculon's Antique Armour Emporium.
 67276 | Bazaar   | Bought a scorched cloak for 304 gold pieces
 67286 | Bazaar   | Identified the +2 cloak "Poezo" {MR+ Regen+ MP+9} (You bought it in a shop in a bazaar)
 67299 | Bazaar   | Upgraded the game from 0.20-a0-513-g02c11fc to 0.20-a0-514-g839ffe0
 67312 | Bazaar   | Bought the amulet of Rurirup {RegenMP rF+ Int+2 Dex-2 SInv} for 674 gold pieces
 67841 | Depths:5 | Identified the +2 hand crossbow of Exquisite Torment {elec, SInv} (You found it on level 5 of the Depths)
 68313 | Depths:5 | Reached XP level 25. HP: 210/210 MP: 41/41
 68340 | Depths:5 | Found a gate to the Realm of Zot.
 68808 | Slime:1  | Entered Level 1 of the Pits of Slime
 69155 | Slime:2  | Noticed Dissolution
 69164 | Slime:2  | Killed Dissolution
 71246 | Slime:5  | Entered Level 5 of the Pits of Slime
 71531 | Slime:5  | Found a viscous altar of Jiyva.
 71532 | Slime:5  | Noticed the Royal Jelly
 71574 | Slime:5  | Killed the Royal Jelly
 71752 | Slime:5  | Got a clouded garnet amulet
 71753 | Slime:5  | Identified the amulet "Ebinounli" {rC+ rN+ Regen+ Slay-5 SInv} (You found it on level 5 of the Pits of Slime)
 71857 | Slime:5  | Got a slimy rune of Zot
 71863 | Slime:5  | Identified the +4 lajatang "Tumnaoz" {venom, rElec Int+7 Dex+3} (You found it on level 5 of the Pits of Slime)
 71970 | Slime:5  | Gained mutation: You are strongly in touch with the powers of death. [Mummy growth]
 71970 | Slime:5  | Reached XP level 26. HP: 217/217 MP: 41/41
 72739 | Vaults:5 | Entered Level 5 of the Vaults
 72739 | Vaults:5 | Noticed Sojobo
 72760 | Vaults:5 | Noticed Xtahua
 72810 | Vaults:5 | Killed Sojobo
 72832 | Vaults:5 | Noticed an ancient lich
 72988 | Vaults:5 | Got a vibrating tin ring
 72989 | Vaults:5 | Identified the ring "Ecwirhid" {rElec rF- MR+ SInv} (You found it on level 5 of the Vaults)
 73397 | Vaults:5 | Killed an ancient lich
 73425 | Vaults:5 | Reached skill level 15 in Spellcasting
 73864 | Vaults:5 | Reached skill level 20 in Fighting
 74048 | Vaults:5 | Identified the +1 quarterstaff "Goro" {freeze, rC+} (You took it off a yaktaur captain on level 5 of the Vaults)
 74311 | Vaults:5 | Killed Xtahua
 74645 | Vaults:5 | Got a silver rune of Zot
 75120 | Zot:1    | Entered Level 1 of the Realm of Zot
 75170 | Zot:1    | Reached XP level 27. HP: 221/226 MP: 43/43
 75390 | Zot:1    | Reached skill level 21 in Fighting
 76658 | Lair:1   | Bought a +1 demon trident of electrocution for 445 gold pieces
 76658 | Lair:1   | Bought a box of beasts for 200 gold pieces
 77576 | Zot:2    | Reached skill level 22 in Fighting
 77748 | Zot:2    | Reached skill level 10 in Evocations
 77865 | Zot:3    | Found Basmiuh's Changing Room.
 78788 | Zot:4    | Reached skill level 23 in Fighting
 79676 | Zot:5    | Entered Level 5 of the Realm of Zot
 79926 | Zot:5    | Reached skill level 24 in Fighting
 80173 | Zot:5    | Noticed an orb of fire
 80189 | Zot:5    | Killed an orb of fire
 80190 | Zot:5    | Noticed an orb of fire
 80210 | Zot:5    | Killed an orb of fire
 80371 | Zot:5    | Noticed an orb of fire
 80387 | Zot:5    | Killed an orb of fire
 80502 | Zot:5    | Noticed an ancient lich
 80512 | Zot:5    | Noticed an orb of fire
 80576 | Zot:5    | Reached skill level 25 in Fighting
 80637 | Zot:5    | Noticed an orb of fire
 80645 | Zot:5    | Killed an ancient lich
 80654 | Zot:5    | Noticed an ancient lich
 80674 | Zot:5    | Killed an ancient lich
 80753 | Zot:5    | Noticed an ancient lich
 80756 | Zot:5    | Noticed an orb of fire
 80772 | Zot:5    | Killed an orb of fire
 80809 | Zot:5    | Noticed an orb of fire
 80844 | Zot:5    | Killed an orb of fire
 81232 | Zot:5    | Killed an orb of fire
 81460 | Zot:5    | Killed an ancient lich
 81460 | Zot:5    | Reached skill level 26 in Fighting
 81536 | Zot:5    | Noticed an ancient lich
 81629 | Zot:5    | Got the Orb of Zot
 81700 | Zot:4    | Noticed Egusyes the pandemonium lord
 81734 | Zot:2    | Noticed Weahaet the pandemonium lord
 82152 | D:1      | Noticed Dalel the pandemonium lord
 82164 | D:1      | Noticed Jaibre the pandemonium lord
 82176 | D:$      | Escaped with the Orb!

Vault maps used:
D:1:      dpeg_arrival_court
D:2:      first_bread, kennysheep_jessica_study
D:4:      amethyst_overflow_temple_binary, serial_shops,
          nicolae_shop_overgrown_old_shop, uniq_robin, uniq_eustachio
D:6:      enter_ossuary_3
D:7:      basic_altar, grunt_ogre_cave
D:8:      nicolae_tso_carved_into_rock
D:9:      zin_academy, minmay_lair_entry_lava, basic_altar, minivault_26,
          lemuel_flame_loot_1
D:10:     serial_shops, nicolae_shop_overgrown_old_shop,
          nicolae_for_you_no_charge
D:11:     minmay_joined_circles
D:12:     trog_ov_bears_minmay
D:13:     david_vaults_4, basic_altar, serial_shops, shop
D:14:     roderic_roman_lattice
D:15:     grunt_enter_depths_hoard, hex_medium, st_stairs_13
Temple:   regret_index_temple_mists
Lair:1:   st_stairs_7, grunt_megastairs_2
Lair:3:   elwin_shoals_entry_stream, forest_entry_grove, uniq_harold,
          uniq_sonja, uniq_urug
Lair:4:   nicolae_spider_entry_orb_guardian, nicolae_volcano_entry_s_turn,
          minmay_lair_oklob_chamber, lemuel_fruit_fields
Lair:5:   minmay_slime_entry_pillars, patterned_corridor
Lair:6:   gammafunk_lair_ancient_temple, grunt_forest_large_clearing_hut
Shoals:1: st_sunken_temple, uniq_frances, uniq_kirke
Shoals:4: shoals_end_simple, shoal_ilsuiw
Spider:1: uniq_roxanne, uniq_rupert
Spider:3: uniq_aizul, uniq_arachne
Spider:4: spider_rune_water, spider_trap
Slime:2:  dissolution_awaits
Slime:4:  cheibrodos_slime_lost_civilization_1
Orc:1:    basic_altar, uniq_maurice
Orc:2:    grunt_orc_gardens, grunt_orc_garden, grunt_orc_garden,
          grunt_orc_garden, grunt_orc_garden, uniq_josephine
Elf:1:    minmay_elf_arrival_summoners, serial_shops, shop_statue,
          minmay_elf_necromancy
Elf:2:    uniq_saint_roka
Elf:3:    minmay_elf_hall_hex, serial_shops, shop, shop,
          nicolae_shop_window_shopping, shop_fountains,
          nicolae_shop_statue_plus, st_stairs_1, uniq_nikola
Vaults:1: ontoclasm_vaults_ring_small, v_misc_2, ontoclasm_vaults_eye, v_misc_1,
          v_misc_11, grunt_vaults_hallway_long, vaults_mumra_hex,
          dpeg_vaults_monster_row, ontoclasm_vaults_hangar,
          nicolae_vaults_little_squares_1, nicolae_vaults_little_squares_4
Vaults:2: vaults_standard_mumra_x, nicolae_vaults_network_periphery,
          grunt_vaults_funnel, vaults_mumra_minichess_inversion, v_misc_28,
          vaults_mumra_lcd
Vaults:3: hangedman_vaults_nails, st_diamondy, grunt_vaults_focal,
          minmay_crypt_entry_simple_round, ontoclasm_vaults_ring_square,
          hangedman_vaults_cutoff, hangedman_vaults_capsules,
          ontoclasm_vaults_loading_screen, v_alt_pattern_2, v_misc_19,
          ontoclasm_vaults_idyll, nicolae_vaults_specimen_jars,
          vaults_mumra_hexcomb
Vaults:4: ontoclasm_vaults_twist, v_misc_30, v_misc_29, v_misc_33,
          nicolae_vaults_little_squares_3, st_hourglassy, v_pattern_1,
          serial_ice_m, hangedman_vaults_stagger, ontoclasm_vaults_ring_square,
          hangedman_vaults_maws, serial_shops, nicolae_shop_statue_plus
Vaults:5: uniq_sojobo, uniq_xtahua
Crypt:1:  grunt_crypt_arrival_webbed
Crypt:2:  hex_intersection, minmay_guarded_unrand_zonguldrok, uniq_mara,
          uniq_margery, uniq_jory
Crypt:3:  due_elkab
Depths:1: enter_ziggurat_a, minmay_door_square, rand_demon_pan_entry_8,
          enter_trove_5, serial_co_window_serial, co_window_paths_a,
          co_window_paths_b, co_window_corner_a, co_window_paths_a,
          co_window_corner_a, co_window_paths_a, co_window_corner_a,
          co_window_broadway_c, co_window_unsneaky_path_b,
          co_window_of_opportunity_c, co_window_unsneaky_path_a,
          co_window_unsneaky_path_a, glass_columns_b, hell_entry,
          kennysheep_generic_room_12, uniq_asterion
Depths:2: kennysheep_funnel, rand_demon_pan_entry_1, serial_shops, shop,
          hell_entry, cheibriados_altar_1
Depths:3: evilmike_horseshoe, pan_entry, hell_entry,
          infiniplex_staircase_pillars_1, firewood_loft
Depths:4: kennysheep_ambush_hall, hellmouth_1, special_room,
          abyss_entry_small_statue_room, xom_teletrap_fun, minmay_shop_grove
Depths:5: grunt_zot_entry_bicorn, kennysheep_pointless_box, serial_shops,
          bzr_entry_safe, hell_entry, lemuel_old_faithful
Zot:2:    hangedman_zot_vaults_quadrants
Zot:3:    nicolae_transmutations_shop, basic_stair_grate_trap
Bazaar:   bazaar_jpeg_triangles
Trove:    trove_library
Ossuary:  ossuary_due_pyramid
Volcano:  volcano_grotto

Skill      XL: |  1  2  3  4  5  6  7  8  9 10 11 12 13 14 15 16 17 18 19 20 21 22 23 24 25 26 27 |
---------------+----------------------------------------------------------------------------------+-----
Axes           | 3 4 |  4.7
Fighting       | 3 4 5 6 7 9 11 12 13 15 16 17 18 19 20 26 | 26.2
Armour         | 1 3 4 5 6 7 9 11 13 | 13.0
Dodging        | 3 5 6 7 8 9 10 11 12 13 | 13.0
Polearms       | 4 7 9 12 13 | 13.8
Shields        | 4 10 14 15 17 20 22 | 22.0
Maces & Flails | 8 12 13 15 16 | 16.2
Evocations     | 1 5 6 11 | 11.0
Spellcasting   | 8 10 14 16 | 16.4
Charms         | 5 |  5.8
Translocations | 2 6 7 |  7.5
Throwing       | |  1.5

Action                   |  1- 3 |  4- 6 |  7- 9 | 10-12 | 13-15 | 16-18 | 19-21 | 22-24 | 25-27 || total
-------------------------+-------+-------+-------+-------+-------+-------+-------+-------+-------++-------
Melee: War axe           |    94 |    65 |       |       |       |       |       |       |       ||   159
       Dagger            |       |    64 |   244 |   105 |       |       |       |       |       ||   413
       Trident           |       |       |   122 |   909 |  1194 |   216 |       |       |       ||  2441
       Eveningstar       |       |       |       |       |   505 |   837 |   103 |  1572 |   648 ||  3665
       Demon trident     |       |       |       |       |       |  1303 |  2803 |  1460 |  2815 ||  8381
 Fire: Blowgun           |       |       |       |     4 |    10 |       |       |     7 |       ||    21
Throw: Stone             |     3 |       |     3 |       |       |       |       |       |       ||     6
       Throwing net      |       |       |       |       |     1 |     4 |       |     4 |     5 ||    14
 Cast: Repel Missiles    |       |       |       |       |       |       |       |     4 |     3 ||     7
       Song of Slaying   |       |       |       |       |       |       |       |     1 |     4 ||     5
Invok: Potion Petition   |       |       |       |     1 |       |     1 |     3 |     2 |     7 ||    14
       Call Merchant     |       |       |       |       |     3 |     1 |     2 |     2 |       ||     8
       Bribe Branch      |       |       |       |       |       |       |       |       |     2 ||     2
 Abil: Evoke Invisibilit |       |       |     1 |       |     8 |     3 |       |       |       ||    12
Evoke: Wand              |       |     4 |       |       |     3 |     5 |     4 |     2 |     9 ||    27
       Lamp of fire      |       |       |       |       |     1 |       |       |       |       ||     1
       Box of beasts     |       |       |       |       |       |       |       |     2 |     1 ||     3
       Sack of spiders   |       |       |       |       |       |       |       |     2 |       ||     2
       Phial of floods   |       |       |       |       |       |       |       |     1 |       ||     1
  Use: Scroll            |     2 |     5 |     5 |    10 |    12 |    10 |    10 |    12 |    34 ||   100
 Stab: Sleeping          |     2 |       |       |       |       |       |       |       |       ||     2
       Distracted        |       |       |       |     2 |     6 |    19 |    14 |    31 |    33 ||   105
       Paralysed         |       |       |       |       |     6 |       |       |     5 |       ||    11
       Invisible         |       |       |       |       |    10 |    11 |     3 |       |       ||    24
       Held in net/web   |       |       |       |       |     1 |     2 |       |     4 |     5 ||    12
       Confused          |       |       |       |       |       |       |       |     1 |       ||     1
Armor: Ring mail         |    16 |     2 |    95 |    43 |    21 |       |       |       |       ||   177
       Scale mail        |    17 |       |       |       |   127 |       |       |       |       ||   144
       Plate armour      |    26 |    70 |    16 |   418 |   277 |   498 |       |       |       ||  1305
       Chain mail        |       |       |       |       |   277 |   814 |   819 |   601 |   592 ||  3103
Dodge: Dodged            |    62 |    60 |   259 |   396 |   674 |  1121 |   916 |   774 |   880 ||  5142
       Deflected         |       |       |       |       |       |       |       |    13 |    11 ||    24
Block: Buckler           |       |       |       |   113 |   253 |   456 |   153 |       |       ||   975
       Shield            |       |       |       |       |       |       |  1150 |  1592 |       ||  2742
       Reflection        |       |       |       |       |       |       |    70 |    58 |       ||   128
       Large shield      |       |       |       |       |       |       |       |   133 |  3301 ||  3434
